[Event "Late-Titled-Tuesday-Blitz-June-04-2024"]
[Site "Chess.com"]
[Date "2024.06.04"]
[Round "5"]
[White "FlemingA"]
[Black "hansen"]
[Result "0-1"]
[WhiteElo "2485"]
[BlackElo "3035"]
[TimeControl "180+1"]
[EndTime "14:51:34 PDT"]
[Termination "hansen won by resignation"]

1. e4 c5 2. Nf3 e6 3. Qe2 Nc6 4. g3 e5 5. c3 Nf6 6. Bg2 d6 7. O-O Be7 8. Rd1 O-O 9. d4 cxd4 10. cxd4 Bg4 11. d5 Nd4 12. Qd3 Rc8 13. Nc3 Qb6 14. Rb1 Nd7 15. Ne2 Nc5 16. Qe3 Nc2 17. Qd2 Nxe4 18. Qd3 Nxf2 0-1

[Event "Late-Titled-Tuesday-Blitz-June-04-2024"]
[Site "Chess.com"]
[Date "2024.06.04"]
[Round "5"]
[White "Bryanl106"]
[Black "NoSpaghettiForYou"]
[Result "1-0"]
[WhiteElo "2730"]
[BlackElo "2551"]
[TimeControl "180+1"]
[EndTime "14:51:35 PDT"]
[Termination "Bryanl106 won by resignation"]

1. e4 c5 2. Nf3 Nc6 3. d4 cxd4 4. Nxd4 Nf6 5. Nc3 h5 6. Bg5 Qa5 7. Bxf6 gxf6 8. Nb3 Qe5 9. g3 e6 10. Qd2 a6 11. f4 Qc7 12. a3 h4 13. Bg2 b5 14.
O-O-O Bb7 15. Rhe1 O-O-O 16. Re3 Rg8 17. Nd5 exd5 18.
exd5 Na7 19. Rc3 Nc6 20. dxc6 Bxc6 21. Rxc6 dxc6 22. Bh3+ Kb7 23. Qxd8 Qxd8 24. Rxd8 hxg3 25. hxg3 Rxg3 26. Rxf8 Rxh3 27. Rxf7+ 1-0

[Event "Late-Titled-Tuesday-Blitz-June-04-2024"]
[Site "Chess.com"]
[Date "2024.06.04"]
[Round "5"]
[White "SameerMujumdar"]
[Black "mohssenbinaddi"]
[Result "0-1"]
[WhiteElo "2599"]
[BlackElo "2337"]
[TimeControl "180+1"]
[EndTime "14:51:42 PDT"]
[Termination "mohssenbinaddi won by resignation"]

1. e4 c6 2. d3 d5 3. Nf3 dxe4 4. dxe4 Qxd1+ 5. Kxd1 Nf6 6. Nfd2 g6 7. f3 Bg7 8.
Bc4 O-O 9. c3 Ne8 10. Kc2 Nd6 11.
Bb3 a5 12. a4 b5 13. axb5 cxb5 14. Bd5 Ra6 15. b4 e6 16. Bb3 axb4 17. Rxa6 Nxa6 18. Bb2 Bb7 19. Rc1 Rc8 20. Kd1 Nc5 21. Bc2 Na4 22. Bxa4 bxa4 0-1

[Event "Late-Titled-Tuesday-Blitz-June-04-2024"]
[Site "Chess.com"]
[Date "2024.06.04"]
[Round "5"]
[White "Road2GM3000"]
[Black "Likvidator228"]
[Result "0-1"]
[WhiteElo "2440"]
[BlackElo "2589"]
[TimeControl "180+1"]
[EndTime "14:51:47 PDT"]
[Termination "Likvidator228 won by resignation"]

1. d4 Nf6 2. c4 g6 3. Nc3 d5 4.
Bg5 dxc4 5. e3 Bg7 6. Bxc4 O-O 7. Nf3 c5 8. O-O cxd4 9. Qxd4 Nc6 10. Qh4 Bf5 11.
Rfd1 Qb6 12. Rab1 Rad8 13. Nd5 Nxd5 14. Bxd5 Bxb1 15. Bh6 Rxd5 16. Rxd5 Rd8 17. Rxd8+ Qxd8 18. h3 Bxh6 19. Qxh6 f6 20. h4 Bxa2 21. h5 Bf7 22. hxg6 hxg6 23. Nh4 Qd1+ 24. Kh2 Qg4 25. f4 Qh5 26.
Qxh5 gxh5 27. Nf5 Bg6 28. Ng3 h4 29. Ne2 Bf5 30. Ng1 Bg4 0-1

[Event "Late-Titled-Tuesday-Blitz-June-04-2024"]
[Site "Chess.com"]
[Date "2024.06.04"]
[Round "5"]
[White "Jahonas"]
[Black "MKlose11"]
[Result "0-1"]
[WhiteElo "2444"]
[BlackElo "2605"]
[TimeControl "180+1"]
[EndTime "14:51:58 PDT"]
[Termination "MKlose11 won by resignation"]

1. e4 e6 2. Nf3 d5 3. Nc3 d4 4. Ne2 c5 5. d3 Nc6 6. c4 dxc3 7.
Nxc3 Nf6 8. Be2 Be7 9. O-O O-O 10.
h3 Nd4 11. Nxd4 cxd4 12. Nb5 a6 13. Na3 b5 14. Bf4 Bb7 15. Rc1 Rc8 16. Qb3 Nd7 17.
Rxc8 Bxc8 18. Rc1 e5 19. Bd2 Nc5 20. Qd1 Be6 21. Bb4 Na4 22. Bxe7 Qxe7 23. Nc4 f6 24. Na5 Nxb2 25. Qc2 Na4 26. Qc6 Nc3 27. Bg4 Bxg4 28.
hxg4 Ne2+ 29. Kf1 Nxc1 30. Qxc1 Qb4 31. Nc6 Qc3 0-1

[Event "Late-Titled-Tuesday-Blitz-June-04-2024"]
[Site "Chess.com"]
[Date "2024.06.04"]
[Round "5"]
[White "talaicito"]
[Black "FuenfgegenWilly"]
[Result "0-1"]
[WhiteElo "2194"]
[BlackElo "2507"]
[TimeControl "180+1"]
[EndTime "14:51:58 PDT"]
[Termination "FuenfgegenWilly won on time"]

1. d4 Na6 2. Nc3 c6 3. e4 Nc7 4. Nf3 d5 5. Bd3 dxe4 6. Nxe4 Nf6 7. O-O Bg4 8. c3 Qd7 9. h3 Bxf3 10. Nxf6+ gxf6 11.
Qxf3 Rg8 12. Bxh7 Rg7 13. Bf5 e6 14. Be4 f5 15. Bc2 Bd6 16. Bh6 Rg6 17. Bf4 O-O-O 18.
Bxd6 Qxd6 19. b4 Rdg8 0-1

[Event "Late-Titled-Tuesday-Blitz-June-04-2024"]
[Site "Chess.com"]
[Date "2024.06.04"]
[Round "5"]
[White "Onischuk_V"]
[Black "Ramosha"]
[Result "1-0"]
[WhiteElo "2855"]
[BlackElo "2633"]
[TimeControl "180+1"]
[EndTime "14:52:05 PDT"]
[Termination "Onischuk_V won by resignation"]

1. e4 c6 2. d4 d5 3. e5 Bf5 4. h4 h5 5. Bd3 Bxd3 6. Qxd3 Qa5+ 7. Nd2 e6 8. Ne2 Nh6 9. O-O Nf5 10. Nf3 Qa6 11.
Qd1 Nd7 12. Ng3 g6 13. Nxf5 gxf5 14. Bg5 Be7 15. b3 Bxg5 16. Nxg5 Nf8 17. a4 Ng6 18. g3 Qb6 19. c4 dxc4 20. bxc4 Rd8 21. Rb1 Qxd4 22.
Qxd4 Rxd4 23. Rxb7 O-O 24. Rxa7 Nxe5 25. a5 Rxc4 26. Ra1 f4 27. a6 fxg3 28. fxg3 Rb4 29. Rc7 Rbb8 30. a7 Ra8 31. Rb1 Kg7 32. Nxe6+ 1-0

[Event "Late-Titled-Tuesday-Blitz-June-04-2024"]
[Site "Chess.com"]
[Date "2024.06.04"]
[Round "5"]
[White "isla88"]
[Black "chess94cu"]
[Result "0-1"]
[WhiteElo "2452"]
[BlackElo "2626"]
[TimeControl "180+1"]
[EndTime "14:52:21 PDT"]
[Termination "chess94cu won by resignation"]

1. Nf3 Nf6 2. b3 d6 3. d4 Nbd7 4. Bb2 g6 5. e3 Bg7 6. Be2 O-O 7. O-O b6 8. a4 a6 9. a5 b5 10. c4 bxc4 11. bxc4 Re8 12. Nc3 c6 13. Qa4 Qc7 14. Rfc1 e5 15. c5 dxc5 16. dxe5 Nxe5 17. Nxe5 Rxe5 18.
Bf3 Bd7 19. Rab1 Ree8 20. Ba3 Bf8 21. Rb6 Reb8 22. Rcb1 Nd5 23. Qc4 Nxb6 24. axb6 Rxb6 25. Rd1 Be6 26. Qa4 Bb3 27. Qh4 Bxd1 28. Ne4 Bg7 29.
Bxd1 Rb1 0-1

[Event "Late-Titled-Tuesday-Blitz-June-04-2024"]
[Site "Chess.com"]
[Date "2024.06.04"]
[Round "5"]
[White "sokidze"]
[Black "Charodej1"]
[Result "1-0"]
[WhiteElo "2785"]
[BlackElo "2478"]
[TimeControl "180+1"]
[EndTime "14:52:22 PDT"]
[Termination "sokidze won by resignation"]

1. e4 c6 2. d4 d5 3. e5 Bf5 4. Nf3 e6 5. Be2 c5 6. O-O Nc6 7. c3 cxd4 8. Nxd4 Nxd4 9. cxd4 Ne7 10. Nc3 Bg6 11. Bg5 a6 12. Qb3 Qd7 13. Na4 Nc8 14.
Rac1 b5 15. Rxc8+ Qxc8 16. Nb6 Bc2 17. Bxb5+ 1-0

[Event "Late-Titled-Tuesday-Blitz-June-04-2024"]
[Site "Chess.com"]
[Date "2024.06.04"]
[Round "5"]
[White "cthake"]
[Black "profedechess93"]
[Result "0-1"]
[WhiteElo "1755"]
[BlackElo "2591"]
[TimeControl "180+1"]
[EndTime "14:52:26 PDT"]
[Termination "profedechess93 won by checkmate"]

1. e4 e6 2. d4 d5 3. Nc3 Nf6 4. e5 Nfd7 5. Nf3 c5 6. Ne2 Nc6 7. c3 cxd4 8. cxd4 Qb6 9. Nc3 f6 10. exf6 Nxf6 11. Be2 Bd6 12. O-O O-O 13. Bg5 Bd7 14. Nb5 Bb8 15. Rb1 Be8 16. a3 Bg6 17. Bd3 Bh5 18. Be2 Bxf3 19. gxf3 a6 20. Nc3 Qc7 21.
Rc1 Qxh2# 0-1

[Event "Late-Titled-Tuesday-Blitz-June-04-2024"]
[Site "Chess.com"]
[Date "2024.06.04"]
[Round "5"]
[White "HanSchut"]
[Black "mortngabriel"]
[Result "0-1"]
[WhiteElo "2271"]
[BlackElo "2495"]
[TimeControl "180+1"]
[EndTime "14:52:30 PDT"]
[Termination "mortngabriel won by resignation"]

1. e4 c5 2. Nf3 Nc6 3. d4 cxd4 4.
Nxd4 g6 5. c4 Nf6 6. Nc3 d6 7.
Be2 Nxd4 8. Qxd4 Bg7 9. Bg5 O-O 10. Qd2 a5 11. b3 a4 12. Rc1 axb3 13. axb3 Qa5 14.
f3 Bd7 15. O-O Qb6+ 16. Be3 Qxb3 17. Rb1 Qa3 18. Rxb7 Rfb8 19. Nb5 Bxb5 20. Rxb5 Nd7 21. Rfb1 Rc8 22. Rb7 Qa4 23. Bd1 Qc6 24. R1b6 Nxb6 25.
Rxb6 Qxc4 26. Bb3 Qc1+ 27. Qxc1 Rxc1+ 28. Bxc1 Bd4+ 29. Be3 Bxe3+ 0-1

[Event "Late-Titled-Tuesday-Blitz-June-04-2024"]
[Site "Chess.com"]
[Date "2024.06.04"]
[Round "5"]
[White "Stanbad1"]
[Black "artin10862"]
[Result "0-1"]
[WhiteElo "2654"]
[BlackElo "2954"]
[TimeControl "180+1"]
[EndTime "14:52:33 PDT"]
[Termination "artin10862 won by resignation"]

1. d4 Nf6 2. Nc3 d5 3. Bf4 e6 4.
Nb5 Bb4+ 5. c3 Ba5 6. a4 a6 7. b4 axb5 8. axb5 Bd7 9. e3 Bxb4 10. cxb4 Rxa1 11. Qxa1 O-O 12. Bd3 Qe8 13. Bxc7 Bxb5 14.
Qb1 Qc6 15. Bxb8 Qc3+ 16. Ke2 Ne4 17. Nf3 Bxd3+ 18. Qxd3 Qxd3+ 19. Kxd3 Nxf2+ 20. Ke2 Nxh1 21. Bd6 Ra8 22. Ne5 Ra2+ 23. Kf3 Nf2 24. Nd7 Ne4 25. Be7 Rf2+ 26. Kg4 Rxg2+ 27. Kf4 f6 0-1

[Event "Late-Titled-Tuesday-Blitz-June-04-2024"]
[Site "Chess.com"]
[Date "2024.06.04"]
[Round "5"]
[White "sergeikim"]
[Black "ACollins05"]
[Result "1-0"]
[WhiteElo "2613"]
[BlackElo "2444"]
[TimeControl "180+1"]
[EndTime "14:52:37 PDT"]
[Termination "sergeikim won by resignation"]

1. d4 b5 2. a4 b4 3. c4 Bb7 4.
Nf3 Nf6 5. g3 g6 6. Bg2 Bg7 7.
O-O O-O 8. b3 d6 9. Bb2 Nbd7 10.
a5 a6 11. Nbd2 c5 12. d5 e6 13. e4 exd5 14. cxd5 Re8 15. Re1 Nxe4 16. Bxg7 Nxd2 17. Nxd2 Kxg7 18. Nc4 Rxe1+ 19. Qxe1 Nf6 20. Rd1 Qc7 21. Qe3 Re8 22. Qf4 Rd8 23. h3 Nh5 24. Qd2 Re8 25. Qb2+ Kg8 26. g4 Nf4 27. Qf6 Nxg2 28. Kxg2 Rd8 29.
Kg3 Rd7 30. Re1 Qd8 31. Qxd8+ Rxd8 32. Nb6 Kf8 33. Kf4 Re8 34. Nd7+ Kg7 35. Rxe8 1-0

[Event "Late-Titled-Tuesday-Blitz-June-04-2024"]
[Site "Chess.com"]
[Date "2024.06.04"]
[Round "5"]
[White "ulises2013"]
[Black "CarlosjPineror"]
[Result "0-1"]
[WhiteElo "2904"]
[BlackElo "2679"]
[TimeControl "180+1"]
[EndTime "14:52:43 PDT"]
[Termination "CarlosjPineror won by resignation"]

1. e4 c5 2. g3 Nc6 3. Bg2 e6 4.
Ne2 Nf6 5. O-O h5 6. h3 d5 7. exd5 exd5 8. d4 h4 9. g4 Nxg4 10. hxg4 Bxg4 11. Kh2 Nxd4 12. Nbc3 h3 13. Bh1 Bd6+ 14.
f4 Qe7 15. Rf2 O-O-O 16. Qf1 Nxc2 17. Nxd5 Qh4 18. Rb1 Bxe2 19. Rxe2 Nd4 20. Rf2 g5 21. Be3 g4 22. Bxd4 g3+ 23. Kg1 h2+ 24. Kg2 Qh3+ 25. Kf3 g2+ 0-1

[Event "Late-Titled-Tuesday-Blitz-June-04-2024"]
[Site "Chess.com"]
[Date "2024.06.04"]
[Round "5"]
[White "HansOnTwitch"]
[Black "ShiroglanTalibov"]
[Result "1-0"]
[WhiteElo "3136"]
[BlackElo "2916"]
[TimeControl "180+1"]
[EndTime "14:52:48 PDT"]
[Termination "HansOnTwitch won by resignation"]

1. e4 c5 2. Nf3 e6 3. b3 b6 4. d4 cxd4 5. Nxd4 Bb7 6. Nd2 a6 7. Bb2 Qc7 8. Bd3 Nf6 9. Qe2 d6 10. f4 Nbd7 11. O-O-O Nc5 12. Kb1 O-O-O 13. g4 Kb8 14. g5 Nfd7 15. N4f3 Rg8 16. h4 Be7 17. h5 Ka7 18. Rc1 f6 19. h6 e5 20. Bc4 exf4 21. Bxg8 Rxg8 22. hxg7 Rxg7 23. Rh6 Rf7 24. Qc4 d5 25.
exd5 b5 26. d6 bxc4 27. dxc7 fxg5 28. Nxc4 Rf8 29. Nfe5 Nxe5 30. Bxe5 Ne4 31. Bd4+ Bc5 32. Bxc5+ Nxc5 33. Nd6 f3 34. Rxh7 Ka8 35. Rf1 g4 36. Rg7 Ne4 37. Nxe4 Bxe4 38. Rxg4 Bc6 39. Rd4 Kb7 40.
Rd8 1-0

[Event "Late-Titled-Tuesday-Blitz-June-04-2024"]
[Site "Chess.com"]
[Date "2024.06.04"]
[Round "5"]
[White "lluiss"]
[Black "Defenstrator"]
[Result "0-1"]
[WhiteElo "2212"]
[BlackElo "2381"]
[TimeControl "180+1"]
[EndTime "14:52:52 PDT"]
[Termination "Defenstrator won on time"]

1. Nf3 d5 2. d4 Bf5 3. c4 c6 4. cxd5 cxd5 5. Qb3 e6 6. Qxb7 Nd7 7.
Bf4 Ngf6 8. e3 Be7 9. Bc7 Bb4+ 10. Qxb4 Qxc7 11. Nc3 Rb8 12. Qa3 Nb6 13. Bb5+ Nfd7 14.
O-O Nc4 15. Bxc4 Qxc4 16. Qxa7 Rxb2 17. Rfc1 Ke7 18. Qa3+ Qb4 19. Qxb4+ Rxb4 20. a4 Rc8 21. a5 Rbc4 22. Na2 Rxc1+ 23. Nxc1 Ra8 24. Kf1 Nb8 25.
Ke2 Nc6 26. Nb3 Bc2 27. Nc5 Rxa5 28. Rxa5 Nxa5 29. Kd2 Bg6 30. Nh4 Bh5 0-1

[Event "Late-Titled-Tuesday-Blitz-June-04-2024"]
[Site "Chess.com"]
[Date "2024.06.04"]
[Round "5"]
[White "only_strong_moves"]
[Black "FairChess_on_YouTube"]
[Result "0-1"]
[WhiteElo "2683"]
[BlackElo "3072"]
[TimeControl "180+1"]
[EndTime "14:52:54 PDT"]
[Termination "FairChess_on_YouTube won by resignation"]

1. e4 c5 2. Nf3 Nc6 3. d4 cxd4 4. Nxd4 Qb6 5. Nb5 a6 6. Be3 Qd8 7. Nd4 Nf6 8. Nd2 d5 9. Bd3 e5 10. Nxc6 bxc6 11. exd5 cxd5 12. c3 Bd6 13. O-O O-O 14.
Nb3 Ng4 15. Bc5 e4 16. h3 Bxc5 17. Nxc5 Qc7 18. hxg4 Qxc5 19. Be2 Be6 20. Qd2 a5 21. g5 Rfb8 22. Rab1 a4 23. b4 axb3 24. axb3 Ra3 25.
Bd1 g6 26. Rc1 Rba8 27. Qd4 Qxd4 28. cxd4 Ra2 29. Re1 Rd2 30. f3 Raa2 31. fxe4 Rxg2+ 32. Kh1 Rh2+ 33. Kg1 Rag2+ 34. Kf1 Bh3 0-1

[Event "Late-Titled-Tuesday-Blitz-June-04-2024"]
[Site "Chess.com"]
[Date "2024.06.04"]
[Round "5"]
[White "Aygehovit1992"]
[Black "ahkashefi2800"]
[Result "1-0"]
[WhiteElo "2802"]
[BlackElo "2572"]
[TimeControl "180+1"]
[EndTime "14:52:55 PDT"]
[Termination "Aygehovit1992 won by resignation"]

1. e4 c6 2. Nc3 d5 3. Nf3 dxe4 4. Nxe4 Nd7 5. Bc4 Ngf6 6. Qe2 Nxe4 7. Qxe4 Nf6 8. Ne5 e6 9. Qe2 Bd6 10. d4 O-O 11. h4 Nd5 12. c3 Qc7 13. h5 h6 14.
Rh3 b5 15. Bb3 Ne7 16. g4 f6 17. Ng6 Nxg6 18. hxg6 Re8 19. Bd2 a5 20. O-O-O a4 21.
Bc2 e5 22. Rdh1 Be6 23. Bxh6 gxh6 24. Rxh6 Kf8 25. Rh8+ Bg8 26. R1h7 Re7 27. Qf3 Rxh7 28. gxh7 Kg7 29. hxg8=Q+ Rxg8 30. Rh7+ Kf8 31. Rxc7 Bxc7 32. Qxf6+ 1-0

[Event "Late-Titled-Tuesday-Blitz-June-04-2024"]
[Site "Chess.com"]
[Date "2024.06.04"]
[Round "5"]
[White "vladoboch"]
[Black "gmcorrales"]
[Result "0-1"]
[WhiteElo "2478"]
[BlackElo "2869"]
[TimeControl "180+1"]
[EndTime "14:52:56 PDT"]
[Termination "gmcorrales won by resignation"]

1. e4 d5 2. exd5 Qxd5 3. Nc3 Qa5 4. d4 c6 5. Bc4 Nf6 6. Nf3 Bg4 7. h3 Bh5 8. g4 Bg6 9. Ne5 Nbd7 10. Bd2 Nxe5 11. Nb1 Qc7 12. dxe5 Qxe5+ 13. Qe2 Qxe2+ 14.
Bxe2 Bxc2 15. Nc3 Ne4 16. Nxe4 Bxe4 17. O-O e6 18. Bc3 Bd5 19. f4 Bc5+ 20. Kh2 O-O 21. Kg3 Rfe8 22. h4 Rad8 23. h5 Be4 24. Rae1 Bd3 25.
g5 Bxe2 26. Rxe2 Bd4 27. Bxd4 Rxd4 28. f5 Rd5 29. Kh4 e5 30. h6 Rd4+ 31. Kg3 f6 32. hxg7 Kxg7 33. Rh2 fxg5 34. f6+ Kg6 35. Rfh1 Rh4 36. Rxh4 gxh4+ 37. Rxh4 Rf8 0-1

[Event "Late-Titled-Tuesday-Blitz-June-04-2024"]
[Site "Chess.com"]
[Date "2024.06.04"]
[Round "5"]
[White "Kombinator01"]
[Black "Hasangatin_Ramil"]
[Result "0-1"]
[WhiteElo "2486"]
[BlackElo "2729"]
[TimeControl "180+1"]
[EndTime "14:53:01 PDT"]
[Termination "Hasangatin_Ramil won by resignation"]

1. d4 d6 2. e4 Nf6 3. Nc3 e5 4. Nf3 Nbd7 5. Bc4 Be7 6. O-O O-O 7. Qe2 c6 8. Rd1 Qc7 9. dxe5 Nxe5 10. Nxe5 dxe5 11.
a4 Bc5 12. h3 Re8 13. Be3 Bxe3 14. Qxe3 Qb6 15. Qxb6 axb6 16. b3 Kf8 17. f3 Ke7 18. Kf2 Bd7 19. g4 Rad8 20. Ne2 Bc8 21. h4 g6 22. h5 Nd7 23. hxg6 hxg6 24. Rh1 Rh8 25. g5 Nc5 26. Ke3 Be6 27. Bxe6 Nxe6 28. Rxh8 Rxh8 29. a5 Ra8 30. b4 Nxg5 31. Nc1 bxa5 32. bxa5 Ne6 33.
Nd3 f6 34. Rh1 Kf7 35. Rb1 Ra7 36. c3 g5 37. Rb2 Ke7 38. Rh2 Rxa5 39. Rh7+ Kd6 40.
Rxb7 Ra3 41. Rf7 Rxc3 42. Rxf6 Ke7 43. Rh6 Nf4 0-1

[Event "Late-Titled-Tuesday-Blitz-June-04-2024"]
[Site "Chess.com"]
[Date "2024.06.04"]
[Round "5"]
[White "BabageldiAnnaberdiyev"]
[Black "bascheyaro"]
[Result "0-1"]
[WhiteElo "2618"]
[BlackElo "2803"]
[TimeControl "180+1"]
[EndTime "14:53:07 PDT"]
[Termination "bascheyaro won by resignation"]

1. e4 e6 2. d4 d5 3. e5 c5 4. c3 Qb6 5. Nf3 Bd7 6. Be2 Bb5 7. O-O Bxe2 8. Qxe2 Nc6 9. Rd1 Rc8 10. Be3 a6 11. a3 h5 12. b4 cxd4 13. Nxd4 Nxd4 14. Bxd4 Qc6 15. Nd2 Ne7 16. Nf3 Nf5 17. h3 Qc4 18. Qxc4 Rxc4 19. Kf1 Be7 20. Ke2 Kd7 21. Rac1 Rhc8 22. Rb1 b5 23. g4 hxg4 24. hxg4 Nxd4+ 25. cxd4 Rc2+ 26. Rd2 R8c3 27. Rb3 Rxb3 28. Rxc2 Rxa3 29. Ne1 Bxb4 30. Nd3 Be7 31. f4 g6 32. f5 gxf5 33.
gxf5 a5 34. f6 Bf8 35. Nc5+ Bxc5 36. Rxc5 Rb3 37. Kd2 a4 38. Kc2 Rb4 39. Kd3 a3 40. Rc1 a2 41. Ra1 Ra4 42. Kc3 Kc6 43. Kb3 Kb6 0-1

[Event "Late-Titled-Tuesday-Blitz-June-04-2024"]
[Site "Chess.com"]
[Date "2024.06.04"]
[Round "5"]
[White "fly_21"]
[Black "YellowJacek"]
[Result "1-0"]
[WhiteElo "2603"]
[BlackElo "2385"]
[TimeControl "180+1"]
[EndTime "14:53:14 PDT"]
[Termination "fly_21 won by resignation"]

1. d4 Nf6 2. c4 g6 3. Nc3 d5 4. Nf3 Bg7 5. Qb3 dxc4 6. Qxc4 O-O 7. e4 a6 8. e5 b5 9. Qb3 Nfd7 10. e6 Nb6 11. exf7+ Kh8 12. h4 Nc6 13.
Be3 Bg4 14. Be2 Bxf3 15. Bxf3 Nxd4 16. Bxd4 Qxd4 17. Bxa8 Rxa8 18. O-O Qxh4 19. Qe6 Rf8 20. Rae1 Bf6 21. Re4 Qg5 22. Rfe1 Kg7 23. Ne2 Rxf7 24.
Ng3 Bxb2 25. Rg4 Qd5 26. Qe2 c5 27. Qxb2+ 1-0

[Event "Late-Titled-Tuesday-Blitz-June-04-2024"]
[Site "Chess.com"]
[Date "2024.06.04"]
[Round "5"]
[White "dolynachess"]
[Black "rikchessmx"]
[Result "1-0"]
[WhiteElo "2513"]
[BlackElo "2348"]
[TimeControl "180+1"]
[EndTime "14:53:15 PDT"]
[Termination "dolynachess won by checkmate"]

1. d4 Nf6 2. c4 e6 3. g3 c5 4. Nf3 cxd4 5. Nxd4 a6 6. Bg2 Qc7 7. O-O Qxc4 8. Nc3 Nc6 9. Be3 Qb4 10. a3 Qa5 11. b4 Qh5 12. h3 Be7 13. g4 Qh4 14.
Nf3 Qh6 15. Bxh6 gxh6 16. b5 Nd8 17. Qd2 h5 18. g5 Ng8 19. Rfc1 h6 20. h4 hxg5 21.
Nxg5 f6 22. Nge4 Nh6 23. Nd6+ Kf8 24. Nxc8 Rxc8 25. Qxd7 Rc4 26. Ne4 axb5 27. Qxb5 Rxc1+ 28. Rxc1 Nf5 29. Rc7 Rg8 30. Qd7 Nc6 31. Rxb7 Ne5 32. Qxe6 Rxg2+ 33. Kxg2 Nxh4+ 34. Kf1 Nhg6 35. Nxf6 h4 36.
Qg8# 1-0

[Event "Late-Titled-Tuesday-Blitz-June-04-2024"]
[Site "Chess.com"]
[Date "2024.06.04"]
[Round "5"]
[White "grzechu96"]
[Black "KingCyber19"]
[Result "1-0"]
[WhiteElo "2801"]
[BlackElo "2616"]
[TimeControl "180+1"]
[EndTime "14:53:22 PDT"]
[Termination "grzechu96 won by resignation"]

1. e4 e5 2. Nf3 Nc6 3. Bc4 Bc5 4.
O-O Nf6 5. d3 d6 6. c3 a6 7. Bb3 h6 8. Re1 O-O 9. h3 Ba7 10. Nbd2 Ne7 11. Nf1 Ng6 12. Ng3 Be6 13. Bc2 c6 14. d4 Qc7 15. Be3 b5 16. Qd2 Rad8 17. Bxh6 gxh6 18. Qxh6 Qe7 19. Nf5 Bxf5 20. exf5 Nh8 21. Ng5 Bb8 22. Re3 d5 23. Rg3 Ng6 24.
fxg6 fxg6 25. Ne6 Qh7 26. Rxg6+ Kh8 27. Rxf6 1-0

[Event "Late-Titled-Tuesday-Blitz-June-04-2024"]
[Site "Chess.com"]
[Date "2024.06.04"]
[Round "5"]
[White "Pitomina"]
[Black "Chessgod9oninsta"]
[Result "0-1"]
[WhiteElo "2510"]
[BlackElo "2717"]
[TimeControl "180+1"]
[EndTime "14:53:24 PDT"]
[Termination "Chessgod9oninsta won by resignation"]

1. e4 c5 2. c3 Nf6 3. e5 Nd5 4. Bc4 Nb6 5. Bb3 d6 6. exd6 Qxd6 7. Nf3 Nc6 8. O-O Bf5 9. d4 cxd4 10. Nxd4 Nxd4 11.
cxd4 g6 12. Nc3 Bg7 13. Be3 O-O 14. Qf3 Qd7 15. Rfd1 Bg4 16. Qf4 Bxd1 17. Rxd1 Rac8 18. h4 h5 19. Qe4 Nc4 20. Bc1 Kh8 21. Nd5 e6 22.
Nf4 Nd6 23. Qf3 Nf5 24. d5 Nd4 25. Qg3 e5 26. Nxg6+ fxg6 27. Qxg6 Qf5 28. Qxf5 Rxf5 29. d6 Rxc1 30. Rxc1 Ne2+ 31. Kf1 Nxc1 32. d7 Bf6 33. Bc2 Rf4 34. d8=Q+ Bxd8 0-1

[Event "Late-Titled-Tuesday-Blitz-June-04-2024"]
[Site "Chess.com"]
[Date "2024.06.04"]
[Round "5"]
[White "AsaHoffmann"]
[Black "maurovargas01"]
[Result "1-0"]
[WhiteElo "2268"]
[BlackElo "1917"]
[TimeControl "180+1"]
[EndTime "14:53:25 PDT"]
[Termination "AsaHoffmann won on time"]

1. d4 Nf6 2. Bg5 h6 3. Bh4 g5 4.
Bg3 d6 5. e3 Bg7 6. Bd3 Bg4 7.
f3 Bd7 8. e4 e6 9. Ne2 Nc6 10.
Nbc3 a6 11. Qd2 Qe7 12. O-O-O O-O-O 13. Kb1 Kb8 14. Rhe1 e5 15. d5 Na7 16. Bf2 c5 17. a4 Rc8 18. Bc4 h5 19. g3 g4 20. f4 exf4 21. Nxf4 Bh6 22. Qd3 Rce8 23. e5 dxe5 24.
d6 e4 25. dxe7 exd3 26. Rxd3 Nc6 27. Bxf7 1-0

[Event "Late-Titled-Tuesday-Blitz-June-04-2024"]
[Site "Chess.com"]
[Date "2024.06.04"]
[Round "5"]
[White "patzer-reloaded"]
[Black "Arteler"]
[Result "1-0"]
[WhiteElo "2402"]
[BlackElo "2224"]
[TimeControl "180+1"]
[EndTime "14:53:26 PDT"]
[Termination "patzer-reloaded won on time"]

1. d3 d5 2. Nf3 Nf6 3. g3 c6 4.
Bg2 Bf5 5. O-O g6 6. c4 Bg7 7. cxd5 cxd5 8. Qa4+ Nc6 9. Ne5 Bd7 10. Nxd7 Qxd7 11.
Nc3 e6 12. e4 dxe4 13. dxe4 O-O 14. Rd1 Qc7 15. Bf4 e5 16. Be3 a6 17. Rac1 Rfd8 18.
Nd5 Nxd5 19. exd5 b5 20. Qc2 Qb7 21. dxc6 Qc7 22. Rd7 1-0

[Event "Late-Titled-Tuesday-Blitz-June-04-2024"]
[Site "Chess.com"]
[Date "2024.06.04"]
[Round "5"]
[White "Chigorinetz"]
[Black "Der_Balak_3Halak"]
[Result "0-1"]
[WhiteElo "2539"]
[BlackElo "2400"]
[TimeControl "180+1"]
[EndTime "14:53:27 PDT"]
[Termination "Der_Balak_3Halak won by resignation"]

1. e4 e6 2. d4 d5 3. e5 c5 4. Qg4 cxd4 5. Nf3 Nc6 6. Bd3 Nge7 7. O-O g6 8. Re1 Bg7 9. a3 Qc7 10. Bf4 O-O 11. b4 a6 12. Nbd2 Bd7 13. Nb3 Rac8 14. h4 h5 15. Qg3 Qb6 16. Rad1 Nf5 17. Bxf5 exf5 18. Bg5 Nd8 19. Nbxd4 Rc3 20. Re3 Rxe3 21. Bxe3 Qc7 22. Ne2 Qxc2 23. Rd2 Qb1+ 24. Kh2 Ne6 25. Rxd5 Bc6 26. Rd6 Bxf3 27. gxf3 Qb2 28. Nd4 f4 29. Bxf4 Nxd4 30. Rd7 Ne2 31. Qg5 Nxf4 32. Qxf4 Bxe5 0-1

[Event "Late-Titled-Tuesday-Blitz-June-04-2024"]
[Site "Chess.com"]
[Date "2024.06.04"]
[Round "5"]
[White "Chaubunagungamaug1"]
[Black "lamomiajunior"]
[Result "0-1"]
[WhiteElo "2471"]
[BlackElo "2723"]
[TimeControl "180+1"]
[EndTime "14:53:29 PDT"]
[Termination "lamomiajunior won by checkmate"]

1. d4 Nf6 2. c4 e6 3. Nf3 d5 4. Nc3 c6 5. e3 Nbd7 6. Bd3 dxc4 7. Bxc4 b5 8. Bd3 b4 9. Ne4 Nxe4 10. Bxe4 Bb7 11.
O-O Be7 12. Qc2 Rc8 13. a3 Nf6 14. Bd3 c5 15. Bb5+ Kf8 16. Qe2 bxa3 17. bxa3 Bxf3 18.
Qxf3 cxd4 19. Rd1 Qb6 20. a4 Nd5 21. exd4 h5 22. Ba3 g6 23. Bxe7+ Kxe7 24. Rab1 Qc7 25. h3 Qc3 26. Rd3 Qa5 27. Kh2 a6 28. Bd7 Qc7+ 29. g3 Qxd7 30. Rdb3 Rc7 31. a5 Rhc8 32. Rb8 Kf8 33. Qb3 Kg7 34. Qa3 Rc2 35. Kg2 Nf6 36.
R1b7 Qd5+ 37. Kf1 Qh1# 0-1

[Event "Late-Titled-Tuesday-Blitz-June-04-2024"]
[Site "Chess.com"]
[Date "2024.06.04"]
[Round "5"]
[White "jucAxx"]
[Black "azzbrn"]
[Result "1-0"]
[WhiteElo "2346"]
[BlackElo "2506"]
[TimeControl "180+1"]
[EndTime "14:53:33 PDT"]
[Termination "jucAxx won on time"]

1. e4 c5 2. c3 d5 3. exd5 Nf6 4. d4 cxd4 5. Bb5+ Bd7 6. Bxd7+ Qxd7 7. Ne2 Qxd5 8. O-O dxc3 9. Nbxc3 Qxd1 10. Rxd1 Nc6 11. Be3 a6 12. Rd2 e5 13. Bb6 Bb4 14. Ng3 O-O 15. Re1 Rfe8 16. f3 Ba5 17. Bxa5 Nxa5 18. Nge4 Nxe4 19. Nxe4 Rad8 20. Red1 Nc6 21. Nd6 Re7 22. Nf5 Ree8 23. Nd6 Rf8 24. Nxb7 Rb8 25. Rd7 Nd4 26. Rd2 Rfc8 27. Kf2 h5 28. f4 Nc6 29. Nd6 Rd8 30. Rc7 exf4 31. Rxc6 Rd7 32. Rxa6 g5 33.
a3 f6 34. b4 Rbd8 35. b5 Re7 36. Rc6 1-0